 Dungeon Crawl Stone Soup version 0.22-a0-63-geddfa9b (webtiles) character file.

296 Klosterheim the Chiller (level 6, -7/41 HPs)
             Began as a Merfolk Ice Elementalist on Jan 10, 2018.
             Shot with an arrow by a centaur (14 damage)
             ... on level 4 of the Dungeon.
             The game lasted 00:09:42 (3666 turns).

Klosterheim the Chiller (Merfolk Ice Elementalist)  Turns: 3666, Time: 00:09:43

Health: -7/41      AC:  2    Str:  8    XL:     6   Next: 35%
Magic:  0/11       EV: 13    Int: 16    God:
Gold:   158        SH:  0    Dex: 15    Spells: 8/12 levels left

rFire    . . .     SeeInvis .   q - +1 whip (freeze)
rCold    . . .     Gourm    .   (no shield)
rNeg     . . .     Faith    .   a - +0 robe
rPois    .         Spirit   .   (no helmet)
rElec    .         Reflect  .   (no cloak)
rCorr    .         Harm     .   (no gloves)
MR       .....                  (no boots)
Stlth    ++........             (no amulet)
HPRegen  0.13/turn              (no ring)
MPRegen  0.12/turn              (no ring)

@: very slightly contaminated
A: change form in water, swift swim, stealthy swim
a: no special abilities


You were on level 4 of the Dungeon.
You were not hungry.

You visited 1 branch of the dungeon, and saw 4 of its levels.

You collected 158 gold pieces.

Inventory:

Hand Weapons
 q - a +1 whip of freezing (weapon)
Missiles
 p - 2 throwing nets (quivered)
Armour
 a - a +0 robe (worn)
Jewellery
 k - an uncursed ring of protection from cold {unknown}
 m - a +4 amulet of reflection {unknown}
Scrolls
 d - 2 scrolls of random uselessness {unknown}
 f - a scroll of noise {unknown}
 g - 4 scrolls of teleportation {unknown}
 i - 2 scrolls of identify {unknown}
 j - 3 scrolls of remove curse {unknown}
Potions
 e - a potion of degeneration {unknown}
 h - 2 potions of flight {unknown}
 l - a potion of haste {unknown}
 n - a potion of curing {unknown}
 r - a potion of mutation {unknown}
Books
 b - a book of Frost

   Spells                             Type                      Level
   a - Freeze                         Ice                          1
   b - Throw Frost                    Conjuration/Ice              2
   c - Ozocubu's Armour               Charms/Ice                   3
   d - Throw Icicle                   Conjuration/Ice              4
   e - Summon Ice Beast               Ice/Summoning                4
Comestibles
 c - 4 rations
 o - a chunk of flesh


   Skills:
 - Level 2.6 Dodging
 - Level 2.1 Stealth
 + Level 3.7 Spellcasting
   Level 0.7 Conjurations
 * Level 6.5 Ice Magic


You had 8 spell levels left.
You knew the following spells:

 Your Spells              Type           Power        Failure   Level  Hunger
a - Freeze                Ice            ###.         1%          1    None
b - Ozocubu's Armour      Chrm/Ice       ##......     14%         3    ###....


Dungeon Overview and Level Annotations

Branches:
Dungeon (4/15)
 Temple: D:4-7

Altars:

Annotations:
D:3 Klosterheim's ghost, amateur MfSk


Message History

You freeze the crimson imp.
The crimson imp is moderately wounded.
The centaur closely misses you. The crimson imp barely misses you.
Casting: Freeze
Confirm with . or Enter, or press ? or * to list all spells.
Aiming: Freeze
Press: ? - help, Shift-Dir - straight line, f/p - crimson imp
Aim: a crimson imp (moderately wounded)
You freeze the crimson imp.
The crimson imp is frozen!
You kill the crimson imp!
The centaur hits you! x2
* * * LOW HITPOINT WARNING * * *
Casting: Freeze
Confirm with . or Enter, or press ? or * to list all spells.
You don't have enough magic to cast that spell.
Casting: Freeze
Confirm with . or Enter, or press ? or * to list all spells.
You don't have enough magic to cast that spell.
The centaur wields a shortbow.
The centaur shoots an arrow.
The arrow hits you!
You die...

############
#...@.......
#....#######
#...c#
#.....
........
#.#..###..
#.#.. ... #
#.# ..## #.
.#


You could see a centaur.

Vanquished Creatures
  A howler monkey (D:4)
  A crimson imp (D:4)
  2 orc priests
  Terence (D:2)
  5 adders
  A gnoll (D:1)
  2 worms
  A dart slug (D:3)
  3 leopard geckos
  11 orcs
  5 bats
  6 goblins
  5 hobgoblins
  2 jackals (D:3)
  4 kobolds
  3 quokkas (D:3)
  A ball python (D:1)
  4 frilled lizards
  A jackal skeleton (D:2)
  9 rats
68 creatures vanquished.

Notes
Turn   | Place    | Note
-------+----------+-------------------------------------------
     0 | D:1      | Klosterheim the Merfolk Ice Elementalist began the quest for the Orb.
     0 | D:1      | Reached XP level 1. HP: 13/13 MP: 3/3
   175 | D:1      | Reached XP level 2. HP: 16/19 MP: 0/5
   553 | D:1      | Reached skill level 4 in Ice Magic
   553 | D:1      | Reached XP level 3. HP: 19/24 MP: 0/6
  1151 | D:2      | Noticed Terence
  1236 | D:2      | Killed Terence
  1236 | D:2      | Reached XP level 4. HP: 24/30 MP: 1/8
  1474 | D:2      | Learned a level 3 spell: Ozocubu's Armour
  1636 | D:2      | Reached skill level 5 in Ice Magic
  1878 | D:2      | Reached XP level 5. HP: 12/35 MP: 7/9
  2772 | D:3      | Noticed Klosterheim's ghost (amateur MfSk)
  2968 | D:3      | Reached skill level 6 in Ice Magic
  3660 | D:4      | Reached XP level 6. HP: 33/41 MP: 4/11
  3666 | D:4      | Shot with an arrow by a centaur

Vault maps used:
D:1:      roderic_dead_forest, grunt_decor_fettered, nrook_mini_vaults
D:2:      cheibrodos_pilgrimage, first_ration, uniq_terence
D:3:      lemuel_upstairs_altar, serial_co_window_serial, co_window_paths_a,
          co_window_paths_a, co_window_paths_a, co_window_corner_a,
          co_window_paths_a, co_window_cross_2, co_window_corner_b,
          co_window_broadway_b, co_window_broadway_c, co_window_cross_2,
          co_window_paths_c, co_window_paths_e, glass_columns_a
D:4:      overflow_temple_1_default, minmay_misc_feat_ornament, uniq_eustachio

Skill      XL: |  1  2  3  4  5 |
---------------+----------------+-----
Ice Magic      | 4 5 6 |  6.5
Spellcasting   | 3 |  3.7
Dodging        | |  2.6
Stealth        | |  2.1
Conjurations   | |  0.7

Action                   |  1- 3 |  4- 6 || total
-------------------------+-------+-------++-------
Melee: Unarmed           |    48 |    12 ||    60
       Whip              |       |    27 ||    27
 Cast: Freeze            |    38 |    74 ||   112
       Ozocubu's Armour  |       |     2 ||     2
 Stab: Sleeping          |     1 |     3 ||     4
  Eat: Chunk             |     1 |     9 ||    10
Armor: Robe              |    40 |     8 ||    48
Dodge: Dodged            |   115 |    73 ||   188

Table legend:
 A = Spawn XP
 B = Non-spawn XP
 C = Spawn XP percentage of total XP
 D = Spawn monster count
 E = Non-spawn monster count
 F = Spawn count percentage of total count
 G = Total turns spent on level
                    A         B        C        D         E        F      G
               +---------+---------+-------+---------+---------+-------+---------
         Total |       0 |     424 |   0.0 |       0 |      68 |   0.0 |  3666
               +---------+---------+-------+---------+---------+-------+---------
           D:1 |       0 |      44 |   0.0 |       0 |      19 |   0.0 |   838
           D:2 |       0 |     125 |   0.0 |       0 |      18 |   0.0 |  1399
           D:3 |       0 |     149 |   0.0 |       0 |      29 |   0.0 |  1415
           D:4 |       0 |     106 |   0.0 |       0 |       2 |   0.0 |    14
               +---------+---------+-------+---------+---------+-------+---------
